 Dungeon Crawl Stone Soup version 0.21.1-1-g345015fe64 (webtiles) character file.

56 kajmaj the Ruffian (level 3, -3/29 (31) HPs)
             Began as a Ghoul Monk on May 20, 2018.
             Killed by Freeze
             ... invoked by lrwvr's ghost
              (6 damage)
             ... on level 3 of the Dungeon.
             The game lasted 00:21:19 (1780 turns).

kajmaj the Ruffian (Ghoul Monk)                     Turns: 1780, Time: 00:21:20

HP:   -3/29 (31)    AC:  6    Str: 17 (20) XL:     3   Next: 97%
MP:   2/2           EV: 17    Int:  3 (5)  God:
Gold: 79            SH:  0    Dex: 13 (16) Spells: 2/2 levels left

rFire    . . .     SeeInvis .     - Unarmed
rCold    + . .     Gourm    .   (no shield)
rNeg     + + +     Faith    .   j - +1 ring mail
rPois    ∞         Spirit   .   (no helmet)
rElec    .         Reflect  .   (no cloak)
rCorr    .         Harm     .   (no gloves)
MR       .....                  (no boots)
Stlth    +++.......             (no amulet)
HPRegen  0.00/turn              (no ring)
MPRegen  0.08/turn              (no ring)

@: mighty, agile, rotting
A: rotting body, claws 1, carnivore, cold resistance 1, negative energy
resistance 3, inhibited regeneration, torment resistance, unbreathing
a: no special abilities


You were on level 3 of the Dungeon.
You were not hungry.

You visited 1 branch of the dungeon, and saw 3 of its levels.

You collected 79 gold pieces.

Inventory:

Missiles
 g - 19 poisoned needles
Armour
 a - a +0 robe
 i - a +0 ring mail
 j - a +1 ring mail (worn)
 k - a +0 robe
Scrolls
 e - 5 scrolls of identify
 l - 3 scrolls of remove curse
 m - a scroll of magic mapping {unknown}
 n - a scroll of fog {unknown}
Comestibles
 b - a ration


   Skills:
 + Level 3.5 Fighting
 + Level 0.1 Throwing
 + Level 0.1 Armour
 + Level 3.0 Dodging
 + Level 2.9 Stealth
 + Level 4.3 Unarmed Combat


You had 2 spell levels left.
You didn't know any spells.

Dungeon Overview and Level Annotations

Branches:
Dungeon (3/15)

Altars:

Annotations:
D:3 lrwvr's ghost, amateur DsIE


Innate Abilities, Weirdness & Mutations

Your body is rotting away.
You thrive on raw meat.
You are immune to poison.
You have sharp fingernails.
You are carnivorous and can eat meat at any time.
Your flesh is cold resistant. (rC+)
You are immune to negative energy. (rN+++)
You do not regenerate when monsters are visible.
You are immune to unholy pain and torment.
You can survive without breathing.


Message History

* * * LOW HITPOINT WARNING * * *
The goblin hits you but does no damage.
It was a potion of agility.
You feel agile all of a sudden. Lrwvr's ghost barely misses you.
The goblin hits you.
* * * LOW HITPOINT WARNING * * *
Unknown command.
Okay, then.
You scratch lrwvr's ghost.
Lrwvr's ghost is moderately damaged.
Lrwvr's ghost completely misses you. The goblin misses you.
You scratch lrwvr's ghost.
Lrwvr's ghost is moderately damaged.
Lrwvr's ghost hits you but does no damage.
The goblin closely misses you.
You claw lrwvr's ghost!
Lrwvr's ghost is heavily damaged.
Lrwvr's ghost casts a spell at you.
You are frozen.
You die...

..# . ...........
### #..........
#### #......(...
... .....(.... .###
#......... ...#
#......... .#.#####
#........> ...(...#
##.W.......
..####.#
#..@....... ..# #.#
#...g...... ..# #.#
#.......... ..#
#.#######..........
+##
#..................
.#
#..................
##
#..................
#..................
#........#.........


You could see lrwvr's ghost and a goblin.

Vanquished Creatures
  An adder (D:2)
  5 dart slugs
  3 leopard geckos (D:1)
  2 giant cockroaches (D:2)
  5 goblins
  3 hobgoblins (D:1)
  2 jackals (D:1)
  A kobold (D:1)
  6 bats
  2 frilled lizards
  3 rats
33 creatures vanquished.

Notes
Turn   | Place    | Note
-------+----------+-------------------------------------------
     0 | D:1      | kajmaj the Ghoul Monk began the quest for the Orb.
     0 | D:1      | Reached XP level 1. HP: 19/19 MP: 0/0
   161 | D:1      | Reached XP level 2. HP: 22/26 MP: 1/1
   562 | D:1      | Reached XP level 3. HP: 29/31 MP: 2/2
   965 | D:2      | Reached skill level 4 in Unarmed Combat
  1762 | D:3      | Noticed lrwvr's ghost (amateur DsIE)
  1780 | D:3      | Killed from afar by lrwvr's ghost

Skill      XL: |  1  2  3 |
---------------+----------+-----
Dodging        | 3 |  3.0
Unarmed Combat | 4 |  4.3
Fighting       | |  3.5
Throwing       | |  0.1
Armour         | |  0.1
Stealth        | |  2.9

Action                   || total
-------------------------++-------
Melee: Unarmed           ||    76
       Punch             ||     1
Throw: Javelin           ||    20
  Use: Scroll            ||     4
       Potion            ||     3
 Stab: Sleeping          ||     4
  Eat: Chunk             ||    13
       Ration            ||     2
Armor: Robe              ||     4
       Ring mail         ||    13
Dodge: Dodged            ||    55
